PBL
MIAMI BEACH MARLINS @ MADISON BREWERS
09/06/2048
 
TOP OF THE 1ST
Miami Beach Marlins batting - Pitching for Madison Brewers : LHP Hiroshi Matsuda
Pitching: LHP Hiroshi Matsuda
Batting: SHB Emmet Brickowski 0-0: Swinging Strike
0-1: Bunted foul
0-2: Strikes out looking
Batting: RHB Scott Talbot 0-0: Ball
1-0: Called Strike
1-1: Ground out 5-3 (Groundball, 5L, EV 86.9 MPH)
Batting: LHB Luis Ortegon 0-0: Ball
1-0: DOUBLE (Line Drive, 7LS, EV 106.2 MPH)
Batting: RHB Torquato Uso 0-0: Ball
1-0: Called Strike
1-1: Ball
2-1: Ground out 6-3 (Groundball, 6, EV 94.4 MPH)
Top of the 1st over - 0 runs, 1 hit, 0 errors, 1 left on base; Miami Beach 0 - Madison 0
BOTTOM OF THE 1ST
Madison Brewers batting - Pitching for Miami Beach Marlins : RHP Conrad Chasar
Pitching: RHP Conrad Chasar
Batting: LHB Andy Buschlen 0-0: Fly out, F8 (Line Drive, 8LM, EV 93.1 MPH)
Batting: LHB Jose Simental 0-0: Foul Ball, location: 2F
0-1: Ball
1-1: Called Strike
1-2: Ball
2-2: Ball
3-2: DOUBLE (Line Drive, 89M, EV 98.8 MPH)
Batting: LHB Bill Kovac 0-0: Called Strike
0-1: Ball
1-1: Fly out, F5 (Line Drive, 5, EV 70.6 MPH)
Batting: RHB Jelani Griffin 0-0: Ball
1-0: Ball
2-0: Ball
3-0: Base on Balls
Batting: LHB Tony Hasbun 0-0: Swinging Strike
0-1: Foul Ball, location: 2F
0-2: Foul Ball, location: 2F
0-2: Foul Ball, location: 2F
0-2: Strikes out swinging
Bottom of the 1st over - 0 runs, 1 hit, 0 errors, 2 left on base; Miami Beach 0 - Madison 0
TOP OF THE 2ND
Miami Beach Marlins batting - Pitching for Madison Brewers : LHP Hiroshi Matsuda
Batting: RHB Corbin Chauvin 0-0: Ball
1-0: Called Strike
1-1: Foul Ball, location: 2F
1-2: Strikes out swinging
Batting: RHB Jim Smallwood 0-0: Ball
1-0: Ball
2-0: Ball
3-0: Called Strike
3-1: Ground out 3-1 (Groundball, 34, EV 81.2 MPH)
Batting: LHB Henry Huezo 0-0: Called Strike
0-1: Called Strike
0-2: Strikes out looking
Top of the 2nd over - 0 runs, 0 hits, 0 errors, 0 left on base; Miami Beach 0 - Madison 0
BOTTOM OF THE 2ND
Madison Brewers batting - Pitching for Miami Beach Marlins : RHP Conrad Chasar
Batting: RHB Steve Brock 0-0: Foul Ball, location: 2F
0-1: Ball
1-1: Ball
2-1: Ball
3-1: Fly out, F2 (Popup, 23F, EV 84.4 MPH)
Batting: LHB Jesus Huante 0-0: Called Strike
0-1: Ball
1-1: Ground out 5-3 (Groundball, 5, EV 88.1 MPH)
Batting: RHB Malcolm McCauley 0-0: Ball
1-0: Fly out, F8 (Flyball, 8LM, EV 83.1 MPH)
Bottom of the 2nd over - 0 runs, 0 hits, 0 errors, 0 left on base; Miami Beach 0 - Madison 0
TOP OF THE 3RD
Miami Beach Marlins batting - Pitching for Madison Brewers : LHP Hiroshi Matsuda
Batting: RHB Orlando Melendres 0-0: Called Strike
0-1: Ground out U3 (Groundball, 34, EV 83.8 MPH)
Batting: RHB Hektor Luvian 0-0: Ball
1-0: Called Strike
1-1: Ball
2-1: Foul Ball, location: 2F
2-2: Strikes out swinging
Batting: SHB Emmet Brickowski 0-0: Ball
1-0: Ball
2-0: Ball
3-0: Base on Balls
Batting: RHB Scott Talbot 0-0: Called Strike
0-1: Ball
1-1: TRIPLE (Line Drive, 78XD, EV 109.4 MPH)
Emmet Brickowski scores
Batting: LHB Luis Ortegon 0-0: Ball
1-0: Ball
2-0: Swinging Strike
2-1: Foul Ball, location: 2F
2-2: Ball
3-2: Strikes out swinging
Top of the 3rd over - 1 run, 1 hit, 0 errors, 1 left on base; Miami Beach 1 - Madison 0
BOTTOM OF THE 3RD
Madison Brewers batting - Pitching for Miami Beach Marlins : RHP Conrad Chasar
Batting: RHB Kelan Rae 0-0: Ground out 4-3 (Groundball, 4, EV 87.5 MPH)
Batting: LHB Andy Buschlen 0-0: Ball
1-0: Ball
2-0: Ball
3-0: Base on Balls
Batting: LHB Jose Simental 0-0: Ball
Andy Buschlen steals 2nd base (no throw)
1-0: Ball
2-0: Called Strike
2-1: Fly out, F6 (Popup, 56, EV 67.5 MPH)
Batting: LHB Bill Kovac 0-0: Ball
1-0: SINGLE (Line Drive, 89S, EV 95.0 MPH)
Andy Buschlen to third
Runner from 3rd tries for Home, SAFE, throw by RF to home
Bill Kovac to second
Now in RF: Cody Leonard
Batting: RHB Jelani Griffin 0-0: Called Strike
0-1: Ball
1-1: Foul Ball, location: 2F
1-2: Foul Ball, location: 2F
1-2: Foul Ball, location: 2F
1-2: Foul Ball, location: 2F
1-2: Ball
2-2: Ball
3-2: Foul Ball, location: 2F
3-2: Ground out 4-3 (Groundball, 4, EV 79.4 MPH)
Bottom of the 3rd over - 1 run, 1 hit, 0 errors, 1 left on base; Miami Beach 1 - Madison 1
TOP OF THE 4TH
Miami Beach Marlins batting - Pitching for Madison Brewers : LHP Hiroshi Matsuda
Batting: RHB Torquato Uso 0-0: Ball
1-0: Swinging Strike
1-1: Called Strike
1-2: Foul Ball, location: 2F
1-2: Ball
2-2: Ball
3-2: Strikes out swinging
Batting: RHB Corbin Chauvin 0-0: Foul Ball, location: 2F
0-1: Swinging Strike
0-2: Ball
1-2: Foul Ball, location: 2F
1-2: Foul Ball, location: 2F
1-2: Foul Ball, location: 2F
1-2: Strikes out looking
Batting: RHB Jim Smallwood 0-0: Swinging Strike
0-1: Ball
1-1: Ball
2-1: Swinging Strike
2-2: Strikes out swinging
Top of the 4th over - 0 runs, 0 hits, 0 errors, 0 left on base; Miami Beach 1 - Madison 1
BOTTOM OF THE 4TH
Madison Brewers batting - Pitching for Miami Beach Marlins : RHP Conrad Chasar
Batting: LHB Tony Hasbun 0-0: Ball
1-0: Fly out, F8 (Flyball, 8RS, EV 88.8 MPH)
Batting: RHB Steve Brock 0-0: Ball
1-0: Ball
2-0: Ball
3-0: Called Strike
3-1: Base on Balls
Batting: LHB Jesus Huante 0-0: SINGLE (Groundball, 56S, EV 69.4 MPH) (infield hit)
Steve Brock to second
Batting: RHB Malcolm McCauley 0-0: Called Strike
0-1: Ball
1-1: SINGLE (Groundball, 4MD, EV 98.1 MPH)
Steve Brock to third
Jesus Huante to second
Batting: RHB Kelan Rae 0-0: Ball
1-0: Foul Ball, location: 2F
1-1: Foul Ball, location: 2F
1-2: Strikes out swinging
Batting: LHB Andy Buschlen 0-0: Called Strike
0-1: Swinging Strike
0-2: Strikes out swinging
Bottom of the 4th over - 0 runs, 2 hits, 0 errors, 3 left on base; Miami Beach 1 - Madison 1
TOP OF THE 5TH
Miami Beach Marlins batting - Pitching for Madison Brewers : LHP Hiroshi Matsuda
Batting: LHB Henry Huezo 0-0: Ground out 4-3 (Groundball, 4, EV 98.1 MPH)
Batting: RHB Orlando Melendres 0-0: Ball
1-0: Ball
2-0: Called Strike
2-1: Ball
3-1: Ground out 5-3 (Groundball, 56, EV 84.4 MPH)
Batting: RHB Hektor Luvian 0-0: Called Strike
0-1: Swinging Strike
0-2: Foul Ball, location: 2F
0-2: Strikes out looking
Top of the 5th over - 0 runs, 0 hits, 0 errors, 0 left on base; Miami Beach 1 - Madison 1
BOTTOM OF THE 5TH
Madison Brewers batting - Pitching for Miami Beach Marlins : RHP Conrad Chasar
Batting: LHB Jose Simental 0-0: Called Strike
0-1: Foul Ball, location: 2F
0-2: Ball
1-2: Foul Ball, location: 2F
1-2: SINGLE (Groundball, 34S, EV 64.4 MPH) (infield hit)
Batting: LHB Bill Kovac 0-0: Foul Ball, location: 2F
0-1: Ball
Jose Simental is caught stealing 2nd base 2-6
1-1: Ball
2-1: Called Strike
2-2: Ground out 4-3 (Groundball, 34, EV 81.9 MPH)
Batting: RHB Jelani Griffin 0-0: Ball
1-0: Ball
2-0: Called Strike
2-1: Foul Ball, location: 2F
2-2: Ball
3-2: Foul Ball, location: 2F
3-2: Base on Balls
Batting: LHB Tony Hasbun 0-0: Ball
1-0: Called Strike
1-1: Ball
2-1: Ball
3-1: Base on Balls
Jelani Griffin to second
Batting: RHB Steve Brock 0-0: Fielders Choice at 2nd, 6-4 (Groundball, 6, EV 82.5 MPH)
Bottom of the 5th over - 0 runs, 1 hit, 0 errors, 2 left on base; Miami Beach 1 - Madison 1
TOP OF THE 6TH
Miami Beach Marlins batting - Pitching for Madison Brewers : LHP Hiroshi Matsuda
Batting: SHB Emmet Brickowski 0-0: Called Strike
0-1: Ball
1-1: Called Strike
1-2: Ball
2-2: Ground out 4-3 (Groundball, 4, EV 99.4 MPH)
Batting: RHB Scott Talbot 0-0: Called Strike
0-1: Swinging Strike
0-2: Strikes out looking
Batting: RHB Cody Leonard 0-0: Called Strike
0-1: Called Strike
0-2: Ball
1-2: Ball
2-2: Strikes out swinging
Top of the 6th over - 0 runs, 0 hits, 0 errors, 0 left on base; Miami Beach 1 - Madison 1
BOTTOM OF THE 6TH
Madison Brewers batting - Pitching for Miami Beach Marlins : RHP Conrad Chasar
Batting: LHB Jesus Huante 0-0: Ball
1-0: Called Strike
1-1: Foul Ball, location: 2F
1-2: Fly out, F7 (Flyball, 78D, EV 93.1 MPH)
Batting: RHB Malcolm McCauley 0-0: Swinging Strike
0-1: Ball
1-1: Foul Ball, location: 2F
1-2: Fly out, F9 (Flyball, 89S, EV 88.1 MPH)
Batting: RHB Kelan Rae 0-0: Ball
1-0: Swinging Strike
1-1: Ball
2-1: Foul Ball, location: 2F
2-2: Foul Ball, location: 2F
2-2: Ground out 5-3 (Groundball, 5S, EV 65.0 MPH)
Bottom of the 6th over - 0 runs, 0 hits, 0 errors, 0 left on base; Miami Beach 1 - Madison 1
TOP OF THE 7TH
Miami Beach Marlins batting - Pitching for Madison Brewers : LHP Hiroshi Matsuda
Pitching: RHP Josh Brakefield
Batting: RHB Torquato Uso 0-0: Ball
1-0: Fly out, F7 (Flyball, 78D, EV 88.8 MPH)
Batting: RHB Corbin Chauvin 0-0: Ball
1-0: Called Strike
1-1: Foul Ball, location: 2F
1-2: Strikes out swinging
Batting: RHB Jim Smallwood 0-0: Called Strike
0-1: Ground out 4-3 (Groundball, 4, EV 81.9 MPH)
Top of the 7th over - 0 runs, 0 hits, 0 errors, 0 left on base; Miami Beach 1 - Madison 1
BOTTOM OF THE 7TH
Madison Brewers batting - Pitching for Miami Beach Marlins : RHP Conrad Chasar
Batting: LHB Andy Buschlen 0-0: Ball
1-0: Foul Ball, location: 2F
1-1: Foul Ball, location: 2F
1-2: Ball
2-2: Ball
3-2: Foul Ball, location: 2F
3-2: Fly out, F3 (Line Drive, 3, EV 64.4 MPH)
Batting: LHB Jose Simental 0-0: Ground out U3 (Groundball, 3, EV 99.4 MPH)
Batting: LHB Bill Kovac 0-0: Called Strike
0-1: Ball
1-1: Ball
2-1: Swinging Strike
2-2: Strikes out swinging, 2-3 out at first.
Bottom of the 7th over - 0 runs, 0 hits, 0 errors, 0 left on base; Miami Beach 1 - Madison 1
TOP OF THE 8TH
Miami Beach Marlins batting - Pitching for Madison Brewers : RHP Josh Brakefield
Batting: LHB Henry Huezo 0-0: Swinging Strike
0-1: Called Strike
0-2: Strikes out swinging
Batting: RHB Orlando Melendres 0-0: Swinging Strike
0-1: Ball
1-1: Called Strike
1-2: Ball
2-2: Ball
3-2: Strikes out swinging
Pinch Hitting: LHB Takao Ogura 0-0: Foul Ball, location: 2F
0-1: Swinging Strike
0-2: Ball
1-2: Ball
2-2: Foul Ball, location: 2F
2-2: SINGLE (Line Drive, 78S, EV 94.4 MPH)
Batting: SHB Emmet Brickowski 0-0: Ball
1-0: Called Strike
1-1: Foul Ball, location: 2F
1-2: Foul Ball, location: 2F
1-2: Ground out 4-3 (Groundball, 4S, EV 72.5 MPH)
Top of the 8th over - 0 runs, 1 hit, 0 errors, 1 left on base; Miami Beach 1 - Madison 1
BOTTOM OF THE 8TH
Madison Brewers batting - Pitching for Miami Beach Marlins : RHP Conrad Chasar
Pitching: RHP Freddie Robe
Now at 1B: Kazumi Inouye
Batting: RHB Jelani Griffin 0-0: Ball
1-0: Foul Ball, location: 2F
1-1: Ground out 1-3 (Groundball, 34S, EV 68.8 MPH)
Batting: LHB Tony Hasbun 0-0: Called Strike
0-1: Foul Ball, location: 2F
0-2: Strikes out swinging
Pinch Hitting: LHB Danny Roberts 0-0: Ball
1-0: Foul Ball, location: 2F
1-1: Ground out 3-1 (Groundball, 34, EV 76.9 MPH)
Bottom of the 8th over - 0 runs, 0 hits, 0 errors, 0 left on base; Miami Beach 1 - Madison 1
TOP OF THE 9TH
Miami Beach Marlins batting - Pitching for Madison Brewers : RHP Josh Brakefield
Now at C: Adam Angeles
Batting: RHB Scott Talbot 0-0: Swinging Strike
0-1: Called Strike
0-2: Foul Ball, location: 2F
0-2: Strikes out swinging
Pinch Hitting: RHB Melvin Nava 0-0: Ball
1-0: Ball
2-0: SINGLE (Groundball, 6S, EV 65.6 MPH) (infield hit)
Pinch Runner at 1st Francisco Valenzuela:
Batting: RHB Torquato Uso 0-0: Foul Ball, location: 2F
0-1: Ball
Francisco Valenzuela steals 2nd base
1-1: Intentional Walk
Batting: RHB Corbin Chauvin 0-0: Ball
1-0: Ball
2-0: Ball
Francisco Valenzuela steals 3rd base
Torquato Uso to second
3-0: Intentional Walk
Batting: RHB Jim Smallwood 0-0: Called Strike
0-1: Fly out, F8 (Line Drive, 8LM, EV 90.0 MPH)
Runner from 3rd tags up, SCORES, no throw by CF
Batting: LHB Henry Huezo 0-0: Called Strike
0-1: Ball
1-1: Swinging Strike
1-2: Ball
2-2: Ball
3-2: Fly out, F4 (Popup, 23, EV 82.5 MPH)
Top of the 9th over - 1 run, 1 hit, 0 errors, 2 left on base; Miami Beach 2 - Madison 1
BOTTOM OF THE 9TH
Madison Brewers batting - Pitching for Miami Beach Marlins : RHP Freddie Robe
Now in RF: Troy Bush
Batting: LHB Jesus Huante 0-0: SINGLE (Groundball, 56, EV 100.0 MPH)
Pinch Hitting: RHB Tony Coyt 0-0: Ball
1-0: Foul Ball, location: 2F
1-1: Fielders Choice at 2nd, 4-6 (Groundball, 34, EV 90.0 MPH)
Batting: RHB Tristan Smeets 0-0: Called Strike
0-1: Ball
1-1: Called Strike
1-2: Ball
2-2: Ball
3-2: Fly out, F7 (Flyball, 7D, EV 105.6 MPH)
Batting: LHB Andy Buschlen 0-0: Ball
1-0: SINGLE (Groundball, 6M, EV 108.1 MPH) (infield hit)
Tony Coyt to second
Batting: LHB Jose Simental 0-0: Ball
1-0: Swinging Strike
1-1: Foul Ball, location: 2F
1-2: Ball
2-2: 3-RUN HOME RUN (Flyball, 89XD, EV 101.9 MPH), Distance : 412 ft
Bottom of the 9th over - 3 runs, 3 hits, 0 errors, 0 left on base; Miami Beach 2 - Madison 4
Tuesday, March 28th , 2023 - OOTP Baseball 23.10 Build 110